 Dungeon Crawl Stone Soup version 0.26-a0-27-g1f0226971c (webtiles) character file.

Game seed: 18134363699283333886, levelgen mode: deterministic

8 Esekla the Grasshopper (level 2, 0/19 HPs)
             Began as an Octopode Warper on May 27, 2020.
             Killed from afar by a dart slug (6 damage)
             ... with a slug dart
             ... on level 1 of the Dungeon.
             The game lasted 00:00:32 (32 turns).

Esekla the Grasshopper (Octopode Warper)              Turns: 32, Time: 00:00:33

Health: 0/19       AC:  1    Str: 10    XL:     2   Next: 8%
Magic:  5/5        EV: 13    Int: 15    God:
Gold:   0          SH:  0    Dex: 11    Spells: 5/5 levels left

rFire    . . .     SeeInvis .   a - +0 falchion
rCold    . . .     Gourm    .   (no shield)
rNeg     . . .     Faith    .   (helmet restricted)
rPois    .         Spirit   .   (no amulet)
rElec    .         Reflect  .   (no ring)
rCorr    .         Harm     .   (no ring)
MR       .....                  (no ring)
Stlth    ++........             (no ring)
HPRegen  0.06/turn              (no ring)
MPRegen  0.09/turn              (no ring)
                                (no ring)
                                (no ring)

@: no status effects
A: almost no armour, stealthy swim, amphibious, 8 rings, constrict 8, camouflage
1, gelatinous body 1
a: no special abilities


You were on level 1 of the Dungeon.
You were not hungry.

You visited 1 branch of the dungeon, and saw 1 of its levels.

Inventory:

Hand Weapons
 a - a +0 falchion (weapon)
Missiles
 d - 5 boomerangs of dispersal (quivered)
Jewellery
 b - a +4 ring of protection {unknown}
Scrolls
 c - a scroll of blinking
Comestibles
 f - a ration


   Skills:
 + Level 2.1 Fighting
 * Level 2.2 Long Blades
 - Level 1.0 Throwing
 * Level 2.7 Dodging
 + Level 2.1 Spellcasting
   Level 3.0 Translocations


You had 5 spell levels left.
You didn't know any spells.
Your spell library contained the following spells:

 Spells                   Type           Power        Failure   Level  Hunger
 Blink                    Tloc           N/A          10%         2    ###....
 Shroud of Golubria       Chrm/Tloc      #.....       19%         2    ###....
 Gell's Gravitas          Tloc           ##........   19%         3    ###....
 Lesser Beckoning         Tloc           ##........   19%         3    ###....
 Teleport Other           Tloc           ##......     19%         3    ###....
 Passage of Golubria      Tloc           N/A          54%         4    #####..


Dungeon Overview and Level Annotations

Branches:
Dungeon (1/15)

Altars:


Innate Abilities, Weirdness & Mutations

You cannot wear most types of armour.
You are very stealthy in the water. (Stealth+)
You are amphibious.
You can wear up to eight rings at the same time.
You can use your tentacles to constrict eight enemies at once.
Your skin changes colour to match your surroundings (Stealth+).
Your rubbery body absorbs attacks. (AC +1, EV +1)


Message History

You have reached level 2!
The dart slug launches a dart at you. The slug dart misses you.
You hit the kobold but do no damage. Your grab misses the kobold.
The kobold hits you with a +0 dagger.
You barely miss the kobold. You grab the kobold.
You constrict the kobold, but do no damage.
The kobold misses you.
You hit the kobold.
You kill the kobold!
The dart slug launches a dart at you. The slug dart misses you.
Things that are here:
a +0 dagger; a kobold corpse You slash the dart slug!
You grab the dart slug.
The dart slug is severely wounded.
You constrict the dart slug. The dart slug launches a dart at you.
The slug dart hits you.
You die...

### . ..# ..#########
#.# ..........# #.#
.#......K.###.#
..........(...#########
....w.....#..(#.......#
..........###w'.>.>.>.+
..........###@#.......#
..$##.........#########
## #.###.###.#.......#
#. #.. #.'...<...+ #.
###.#.#.......# #.
.#.######### #.# #..
###


You could see a dart slug.

Vanquished Creatures
  A bat (D:1)
  4 jackals (D:1)
  A kobold (D:1)
6 creatures vanquished.

Notes
Turn   | Place    | Note
-------+----------+-------------------------------------------
     0 | D:1      | Esekla the Octopode Warper began the quest for the Orb.
     0 | D:1      | Reached XP level 1. HP: 14/14 MP: 3/3
    26 | D:1      | Reached XP level 2. HP: 8/19 MP: 5/5
    32 | D:1      | Killed from afar by a dart slug

Illustrated notes

Levels and vault maps discovered:
D:1:      minmay_arrival_up_and_down, layout_basic

Action                   || total
-------------------------++-------
Melee: Falchion          ||    10
       Constrict         ||     4
       Tentacles         ||     2
Armor: Skin              ||     4
Dodge: Dodged            ||    17
       Rpst.: Falchion   ||     3

Table legend:
 A = Non-vault XP
 B = Vault XP
 C = Vault XP percentage of total XP
 D = Non-vault monster count
 E = Vault monster count
 F = Vault count percentage of total count
                 A         B        C        D         E       F
            +---------+---------+-------+---------+---------+-------
      Total |      12 |       0 |   0.0 |       6 |       0 |   0.0
            +---------+---------+-------+---------+---------+-------
        D:1 |      12 |       0 |   0.0 |       6 |       0 |   0.0
            +---------+---------+-------+---------+---------+-------
